 Dungeon Crawl Stone Soup version 0.29.0-4-gdea44cf6ec (webtiles) character file.

Game seed: 3572903313222623666

136 qw the Chopper (level 5, -1/30 HPs)
             Began as a Tengu Warper on Aug 28, 2022.
             Killed from afar by Sigmund (5 damage)
             ... with a puff of flame
             ... on level 3 of the Dungeon.
             The game lasted 00:00:17 (2786 turns).

qw the Chopper (Tengu Warper)                       Turns: 2786, Time: 00:00:18

Health: -1/30      AC:  8    Str: 13    XL:     5   Next: 19%
Magic:  9/9        EV:  7    Int: 13    God:
Gold:   206        SH:  0    Dex: 14    Spells: 8/8 levels left

rFire   . . .      SeeInvis .   Y - +0 hand axe
rCold   . . .      Faith    .   (no shield)
rNeg    . . .      Spirit   .   d - +0 chain mail
rPois   .          Reflect  .   (helmet restricted)
rElec   .          Harm     .   (no cloak)
rCorr   .          Rampage  .   (no gloves)
Will    .....                   (boots unavailable)
Stlth   ..........              (no amulet)
HPRegen 0.10/turn               (no ring)
MPRegen 0.11/turn               (no ring)

@: flying quickly and evasively, quick
A: beak, talons 3, nimble flight
a: no special abilities


You were on level 3 of the Dungeon.
You visited 1 branch of the dungeon, and saw 3 of its levels.

You collected 206 gold pieces.


Innate Abilities, Weirdness & Mutations

You have a beak for a mouth.
You have claws for feet.
Your magical nature lets you fly swiftly and evasively.


   Skills:
 - Level 2.0 Fighting
 + Level 5.7 Axes
 - Level 1.0 Throwing
 - Level 1.1 Armour
 - Level 2.1 Dodging
 - Level 2.0 Spellcasting
 - Level 2.4 Translocations


You had 8 spell levels left.
You didn't know any spells.
Your spell library contained the following spells:

 Spells                   Type           Power      Damage    Failure   Level
 Blink                    Tloc           14%        N/A       99%         2
 Gell's Gravitas          Tloc           7%         N/A       100%        3
 Lesser Beckoning         Tloc           7%         N/A       100%        3
 Teleport Other           Tloc           7%         N/A       100%        3
 Manifold Assault         Tloc           7%         N/A       100%        5

Inventory:

Hand Weapons
 j - a +0 whip of venom
 Y - a +0 hand axe (weapon)
Armour
 d - a +0 chain mail (worn)
Jewellery
 g - a ring of ice
Scrolls
 k - a scroll of identify
Potions
 b - a potion of curing
 f - a potion of resistance
 h - 3 potions of haste

Dungeon Overview and Level Annotations

Branches:
Dungeon (3/15)

Altars:

Annotations:
D:3 Sigmund, Terence


Message History

There are monsters nearby!
Sigmund hits you from afar with a +1 scythe of protection!
Sigmund closely misses you.
You hit Sigmund. Your kick misses Sigmund.
Sigmund is lightly wounded.
You hit Terence but do no damage. Terence hits you with a +0 flail.
You completely miss Sigmund. You claw Sigmund. Your peck misses Sigmund.
Sigmund is moderately wounded.
You barely miss Terence.
Sigmund zaps a wand.
The puff of flame hits you! Terence hits you with a +0 flail.
You hit Sigmund but do no damage. You claw Sigmund, but do no damage.
Your peck misses Sigmund.
Sigmund is moderately wounded.
You hit Terence but do no damage.
Sigmund hits you with a +1 scythe of protection.
Terence hits you with a +0 flail.
2782 ||| DRINKING potion of heal wounds.
You feel much better.
Sigmund says, "Now you see me, now you don't..."
Sigmund zaps a wand.
The puff of flame hits you. Terence barely misses you.
You hit Sigmund but do no damage.
Sigmund is moderately wounded.
You closely miss Terence.
Sigmund hits you with a +1 scythe of protection.
Terence barely misses you.
You barely miss Sigmund. Your kick misses Sigmund.
Sigmund is moderately wounded.
You hit Terence but do no damage. Terence closely misses you.
You hit Sigmund. You claw Sigmund, but do no damage.
Sigmund is moderately wounded.
You hit Terence but do no damage.
Sigmund zaps a wand.
The puff of flame hits you! Terence closely misses you.
You closely miss Sigmund. You claw Sigmund.
Sigmund is heavily wounded.
You closely miss Terence.
Sigmund zaps a wand.
The puff of flame hits you.
You die...

........# #.........# #....###.
........#
##.......######....#...
.......?###.............
.......# .%).................###
#......# #.######............#
....#.# #..### #...[........#
#.#.#.# ##...# #............#
####.#.#.#
###.###.........@.#####.........
#..##.....<..@@.......@.......
##.##.........#####..#........
#..#.........#.....##........
##.#..........>###...........
#.#.........### #...........
#)######....... #...........
#.>### #...###.##...######..
##...##.....##...#### #..
###.#..##.....#.## #.#


You could see Sigmund and Terence.

Vanquished Creatures
  Jessica (D:2)
  5 adders
  2 worms
  2 dart slugs (D:3)
  An orc (D:3)
  5 endoplasms
  2 giant cockroaches (D:1)
  4 goblins
  4 hobgoblins
  2 jackals (D:3)
  5 kobolds
  2 quokkas
  3 ball pythons
  7 bats
  3 frilled lizards
  9 rats
57 creatures vanquished.

Notes
Turn   | Place    | Note
-------+----------+-------------------------------------------
     0 | D:1      | qw the Tengu Warper began the quest for the Orb.
     0 | D:1      | Reached XP level 1. HP: 12/12 MP: 4/4
     0 | D:1      | 0 ||| qw: Version: 0.1-a-89-g26bdef1
     0 | D:1      | 0 ||| qw: Game counter: 2800
     0 | D:1      | 0 ||| qw: Always use a shield: true
     0 | D:1      | 0 ||| qw: God list: Okawaru
     0 | D:1      | 0 ||| qw: Allow faded altars: false
     0 | D:1      | 0 ||| qw: Do Orc after D:15 true
     0 | D:1      | 0 ||| qw: Do second Lair branch before Depths: true
     0 | D:1      | 0 ||| qw: Lair rune preference: random
     0 | D:1      | 0 ||| qw: Plans: Normal
     0 | D:1      | 0 ||| PLANNING D:1-11
    41 | D:1      | 41 ||| Stepping ~*~*~tactically~*~*~ (stealth).
    42 | D:1      | 42 ||| Stepping ~*~*~tactically~*~*~ (stealth).
    43 | D:1      | 43 ||| Stepping ~*~*~tactically~*~*~ (stealth).
    44 | D:1      | 44 ||| Stepping ~*~*~tactically~*~*~ (stealth).
   195 | D:1      | Reached XP level 2. HP: 17/17 MP: 6/6
   216 | D:1      | Reached skill level 3 in Axes
   358 | D:1      | 358 ||| Stepping ~*~*~tactically~*~*~ (stealth).
   441 | D:1      | You fall into a shaft and drop 1 floor!
   635 | D:2      | 635 ||| DROPPING +0 mace.
   691 | D:2      | 691 ||| Stepping ~*~*~tactically~*~*~ (stealth).
   692 | D:2      | 692 ||| UPGRADING to +0 chain mail.
   708 | D:2      | 708 ||| Stepping ~*~*~tactically~*~*~ (stealth).
   738 | D:2      | 738 ||| Stepping ~*~*~tactically~*~*~ (stealth).
   892 | D:2      | 892 ||| DROPPING +0 leather armour.
   893 | D:2      | 893 ||| READING scroll labelled LAOTAST XOECOR.
   894 | D:2      | 894 ||| DRINKING 2 smoky coppery potions.
   895 | D:2      | 895 ||| DROPPING scroll of blinking.
   983 | D:1      | Reached XP level 3. HP: 21/21 MP: 7/7
  1016 | D:1      | 1016 ||| Stepping ~*~*~tactically~*~*~ (stealth).
  1017 | D:1      | 1017 ||| Stepping ~*~*~tactically~*~*~ (stealth).
  1207 | D:1      | 1207 ||| READING scroll labelled HIALIO WETA.
  1208 | D:1      | 1208 ||| READING scroll labelled DUYNUOMPUR.
  1209 | D:1      | 1209 ||| DRINKING 2 glowing dark potions.
  1264 | D:2      | Reached skill level 4 in Axes
  1501 | D:2      | Noticed Jessica
  1505 | D:2      | Killed Jessica
  1506 | D:2      | Reached XP level 4. HP: 19/26 MP: 8/8
  1630 | D:2      | Reached skill level 5 in Axes
  1631 | D:2      | Found a faded altar of an unknown god.
  1825 | D:2      | 1825 ||| DRINKING 2 smoky emerald potions.
  1855 | D:2      | 1855 ||| DRINKING 2 grey potions.
  1856 | D:2      | 1856 ||| DRINKING 2 glowing clear potions.
  1857 | D:2      | 1857 ||| DROPPING potion of lignification.
  1858 | D:2      | 1858 ||| DROPPING potion of attraction.
  1859 | D:2      | 1859 ||| DROPPING potion of invisibility.
  2078 | D:3      | 2078 ||| Stepping ~*~*~tactically~*~*~ (stealth).
  2255 | D:3      | Gained mutation: Your magical nature lets you fly swiftly
                  | and evasively. [Tengu growth]
  2255 | D:3      | Reached XP level 5. HP: 30/30 MP: 9/9
  2357 | D:3      | 2357 ||| Stepping ~*~*~tactically~*~*~ (hiding).
  2359 | D:3      | 2359 ||| Stepping ~*~*~tactically~*~*~ (hiding).
  2590 | D:3      | Noticed Sigmund
  2592 | D:3      | Noticed Terence
  2598 | D:3      | HP: 7/30 [Sigmund/puff of flame (7)]
  2599 | D:3      | 2599 ||| DRINKING 2 potions of heal wounds.
  2600 | D:3      | 2600 ||| FLEEEEING.
  2601 | D:3      | 2601 ||| FLEEEEING.
  2602 | D:3      | 2602 ||| FLEEEEING.
  2603 | D:3      | 2603 ||| FLEEEEING.
  2604 | D:3      | 2604 ||| FLEEEEING.
  2605 | D:3      | 2605 ||| FLEEEEING.
  2606 | D:3      | 2606 ||| FLEEEEING.
  2607 | D:3      | 2607 ||| FLEEEEING.
  2608 | D:3      | 2608 ||| FLEEEEING.
  2609 | D:3      | 2609 ||| FLEEEEING.
  2610 | D:3      | 2610 ||| FLEEEEING.
  2622 | D:3      | 2622 ||| FLEEEEING.
  2625 | D:3      | 2625 ||| FLEEEEING.
  2627 | D:3      | 2627 ||| STAIRDANCE
  2768 | D:2      | 2768 ||| DROPPING +6 ring of intelligence.
  2769 | D:2      | 2769 ||| READING scroll labelled QUASHE VU DAU.
  2770 | D:2      | 2770 ||| READING 2 scrolls labelled OWKUEMM XUEPH.
  2771 | D:2      | 2771 ||| READING 3 scrolls of identify.
  2771 | D:2      | 2771 ||| IDENTIFYING pink potion
  2772 | D:2      | 2772 ||| READING 2 scrolls of identify.
  2772 | D:2      | 2772 ||| IDENTIFYING metallic inky potion
  2773 | D:2      | 2773 ||| DROPPING scroll of poison.
  2781 | D:3      | HP: 4/30 [Sigmund/+1 scythe of protection (6)]
  2781 | D:3      | HP: 1/30 [Terence/+0 flail (3)]
  2782 | D:3      | 2782 ||| DRINKING potion of heal wounds.
  2786 | D:3      | Killed from afar by Sigmund

Levels and vault maps discovered:
D:1:      zelgadis_glass_arrival_small, layout_loops_ring,
          palyth_stone_intersect
D:2:      layout_basic, ebering_ecumenical_altar_sacrificial, glass_columns_c,
          uniq_jessica
D:3:      layout_rooms, serial_rivers, chequers_serial_rivers_small_b,
          chequers_serial_rivers_micro_e, chequers_serial_rivers_micro_e,
          chequers_serial_rivers_room_a, uniq_sigmund, uniq_terence

Skill      XL: |  1  2  3  4 |
---------------+-------------+-----
Axes           | 3 4 5 |  5.7
Fighting       | |  2.0
Throwing       | |  1.0
Armour         | |  1.1
Dodging        | |  2.1
Spellcasting   | |  2.0
Translocations | |  2.4

Action                   |  1- 3 |  4- 6 || total
-------------------------+-------+-------++-------
Melee: Hand axe          |    77 |    56 ||   133
       Kick              |    15 |    20 ||    35
       Peck              |    10 |     7 ||    17
       Punch             |     2 |       ||     2
Throw: Boomerang         |     7 |       ||     7
  Use: Scroll            |     3 |     4 ||     7
       Potion            |     2 |     5 ||     7
Armor: Leather armour    |    13 |       ||    13
       Chain mail        |    20 |    20 ||    40
Dodge: Dodged            |    27 |    16 ||    43

Table legend:
 A = Non-vault XP
 B = Vault XP
 C = Vault XP percentage of total XP
 D = Non-vault monster count
 E = Vault monster count
 F = Vault count percentage of total count
                 A         B        C        D         E       F
            +---------+---------+-------+---------+---------+-------
      Total |     158 |      37 |  19.0 |      56 |       1 |   1.8
            +---------+---------+-------+---------+---------+-------
        D:1 |      27 |       0 |   0.0 |      18 |       0 |   0.0
        D:2 |      62 |      37 |  37.4 |      17 |       1 |   5.6
        D:3 |      69 |       0 |   0.0 |      21 |       0 |   0.0
            +---------+---------+-------+---------+---------+-------
